 Dungeon Crawl Stone Soup version 0.29.1-2-gbd0b4ee654 (webtiles) character file.

Game seed: 9062957352253940784

28 funnyparkerb the Caller (level 3, 0/14 HPs)
             Began as a Felid Summoner on Nov 2, 2022.
             Slain by an orc
             ... wielding a +0 mace
              (4 damage)
             ... on level 3 of the Dungeon.
             The game lasted 00:03:16 (1639 turns).

funnyparkerb the Caller (Felid Summoner)            Turns: 1639, Time: 00:03:17

Health: 0/14       AC:  1    Str:  4    XL:     3   Next: 0%
Magic:  8/8        EV: 17    Int: 18    God:
Gold:   50         SH:  0    Dex: 16    Spells: 1/7 levels left
                                        Lives:  0   Deaths: 0

rFire   . . .      SeeInvis +   (weapon unavailable)
rCold   . . .      Faith    .   (shield unavailable)
rNeg    . . .      Spirit   .   (body armour unavailable)
rPois   .          Reflect  .   (helmet unavailable)
rElec   .          Harm     .   (cloak unavailable)
rCorr   .          Rampage  .   (gloves unavailable)
Will    .....                   (boots unavailable)
Stlth   ++........              (no amulet)
HPRegen 0.04/turn               (no ring)
MPRegen 0.11/turn               (no ring)

@: quick
A: very small, claws 1, fangs 3, see invisible, speed 1, shaggy fur 1, stealthy
paws, no weapons or thrown items, no armour, multi-lived
a: no special abilities


You were on level 3 of the Dungeon.
You visited 1 branch of the dungeon, and saw 4 of its levels.

You collected 50 gold pieces.

Inventory:

Scrolls
 b - a scroll of blinking {unknown}
 c - 5 scrolls of identify {unknown}
Potions
 a - 2 potions of magic
 d - a potion of mutation {unknown}
 e - a potion of berserk rage {unknown}


   Skills:
 - Level 2.6 Dodging
 - Level 2.6 Stealth
 + Level 2.7 Spellcasting
 + Level 4.5 Summonings


You had one spell level left.
You knew the following spells:

 Your Spells              Type           Power      Damage    Failure   Level
a - Summon Small Mammal   Summ           72%        N/A       2%          1
b - Call Imp              Summ           18%        N/A       4%          2
c - Call Canine Familiar  Summ           18%        N/A       8%          3

Your spell library contained the following spells:

 Spells                   Type           Power      Damage    Failure   Level
 Summon Guardian Golem    Hex/Summ       10%        N/A       21%         3
 Summon Lightning Spire   Summ/Air       10%        N/A       54%         4


Dungeon Overview and Level Annotations

Branches:
Dungeon (4/15)
 Temple: D:4-7

Altars:

Shops:
D:2 (


Innate Abilities, Weirdness & Mutations

You have sharp claws.
You have razor-sharp teeth.
You have supernaturally acute eyesight. (SInv)
You cover ground quickly. (Speed+)
You are covered in fur. (AC +1)
Your paws help you pounce on unaware monsters.
You are incapable of wielding weapons or throwing items.
You cannot wear armour.
You gain extra lives every three experience levels.


Message History

A sourceless malevolence fills the Dungeon...
You fall into a shaft and drop 2 floors!
The shaft crumbles and collapses.
Found 3 stones and a scroll labelled CIUMUTOXEY.
An ogre comes into view. It is wielding a +0 giant club.
The ogre shouts!
Casting: Call Imp (safe; 4% risk of failure)
Confirm with . or Enter, or press ? or * to list all spells.
Your hound bites the ogre.
The ogre hits your hound with a +0 giant club!!
Your hound dies!
Your hound's corpse disappears in a puff of smoke!
Found 5 gold pieces and a pink potion.
You now have 50 gold pieces (gained 5).
Found a lumpy sapphire potion and a rapier.
Found 19 gold pieces.
A goblin comes into view. It is wielding a +0 club.
Found a stone staircase leading up.
The goblin shouts!
The goblin closely misses you.
There is a stone staircase leading up here.
The goblin completely misses you.
You climb upwards.
The kobold shouts!
The frilled lizard hisses angrily.
You hear a shout!
There is a stone staircase leading down here.
A ball python comes into view.
The ball python hisses angrily.
The kobold throws a stone.
The stone hits you.
A gnoll comes into view. It is wielding a +0 whip.
An orc comes into view. It is wielding a +0 whip.
Found a bubbling inky potion.
e - a bubbling inky potion
There are no items here.
An orc comes into view. It is wielding a +0 mace.
The orc shouts!
The orc hits you with a +0 mace!
Ouch! That really hurt!
* * * LOW HITPOINT WARNING * * *
The orc hits you with a +0 mace.
You die...

### #############.#
#.g...g.l.....#
#.###########.# #.#
#.# #.# ##.#.# #.#
.#.....#g#
##.#.........#.#
#@o..#.......#l#
#...........#.#S#
#....######.#.#.#
#...###..##...#.###
##.###g.K.S........
..# .#.....#....
..# ##..l##.... ..#
##.>......
#..##....


You could see an orc and a goblin.

Vanquished Creatures
  A bat (D:1)
1 creature vanquished.

Vanquished Creatures (collateral kills)
  2 dart slugs (D:1)
  2 endoplasms (D:1)
  3 giant cockroaches (D:1)
  3 hobgoblins (D:1)
  A quokka (D:1)
  2 ball pythons (D:1)
  2 bats
  A goblin (D:1)
  3 kobolds (D:1)
  4 rats
23 creatures vanquished.

Grand Total: 24 creatures vanquished

Notes
Turn   | Place    | Note
-------+----------+-------------------------------------------
     0 | D:1      | funnyparkerb the Felid Summoner began the quest for the
                  | Orb.
     0 | D:1      | Reached XP level 1. HP: 7/7 MP: 4/4
   347 | D:1      | Found a faded altar of an unknown god.
   518 | D:1      | Reached XP level 2. HP: 11/11 MP: 3/6
   521 | D:1      | Learned a level 2 spell: Call Imp
  1429 | D:2      | Found Qadocw's Antique Weapon Shoppe.
  1532 | D:2      | Reached XP level 3. HP: 14/14 MP: 5/8
  1536 | D:2      | Learned a level 3 spell: Call Canine Familiar
  1575 | D:2      | You fall into a shaft and drop 2 floors!
  1576 | D:4      | Noticed an ogre
  1639 | D:3      | Slain by an orc

Illustrated notes

Levels and vault maps discovered:
D:1:      doesnt_arrival_eight_statues, layout_basic,
          hellmonk_ecumenical_altar_zigzags
D:2:      layout_basic, serial_shops, nicolae_shop_overgrown_old_shop
D:3:      layout_basic, chequers_serial_rivers_small_b,
          hangedman_decor_clover_reticule, minmay_cupped
D:4:      nicolae_cairo_tiling_large_dashed, layout_loops_ring,
          serial_bayou_lagoon_b

Action                   || total
-------------------------++-------
Melee: Unarmed           ||     7
 Cast: Summon Small Mamm ||    20
       Call Imp          ||    11
       Call Canine Famil ||     1
Armor: Skin              ||     4
Dodge: Dodged            ||    19
